Semilg, neutral female human Valkyrie ----- ----- |..*| ------ |...| |..^.##### |....------ -...| |...|########..........| ----- # |...-# |...|# ####|.........| |$..|####...>|#######-...|# ##|.........| |...|# ---.- ---|-# ##|.........| |...|# # # `#### #----------- -------------- ##....-# # ##` |...i....i.i.| # |.<.| # # |Q@.......iii| ### ---- # # |.QQ.........| # # # |...Q...i.%.ii#### # |...........i| ----|----------# -------------- |.............|# |(......<..`..|# |..............# --------------- Semilg the Fighter Experience level: 6 Strength: 18/01 Dexterity: 13 Constitution: 17 Intelligence: 8 Wisdom: 10 Charisma: 10 Health: 0(61) Energy: 17(17) Def: 1 Gold: 0 Moves: 3340 Dungeon seed: aaVgC1PEV5AnAdfN Game ID: Semilg_1553438833 Your Inventory: Weapons a - an uncursed +2 silver spear (weapon in hand) b - an uncursed +0 dagger p - a blessed +0 flail s - an uncursed +0 scimitar Armor e - an uncursed +0 robe z - a cursed -3 orcish helm (being worn) N - an uncursed +0 studded leather armor (being worn) Comestibles A - 2 uncursed food rations Scrolls j - an uncursed scroll of confuse monster q - 2 uncursed scrolls of scare monster S - a cursed scroll of remove curse Spellbooks k - an uncursed spellbook of wizard lock Q - an uncursed spellbook of force bolt Potions g - an uncursed potion of paralysis h - a blessed potion of sleeping r - a cursed potion of healing v - an uncursed potion of oil w - an uncursed potion of water B - an uncursed potion of booze O - 2 uncursed potions of hallucination P - a blessed potion of hallucination V - a cursed potion of gain ability Rings I - an uncursed ring of free action T - an uncursed ring of slow digestion U - a blessed +2 ring of increase damage Wands c - an uncursed wand of cold (0:4) t - an uncursed wand of fire (0:8) H - an uncursed wand of cancellation (0:4) Tools f - an uncursed oil lamp (0:1105) m - an uncursed tin whistle o - an uncursed lock pick E - an uncursed tin opener M - an uncursed bag of tricks (0:4) Spells and supernatural/magical abilities: Name Level Category Fail Memory W - pray for help -- divine ? -- Your skills at the end: Miscellaneous Skills shield [Basic] wands [Basic] Weapon Skills dagger [Basic] spear [Basic] Spellcasting Skills Final Attributes: You were fervently aligned. You were cold resistant. You were somewhat stealthy. You could fly. You are dead. Vanquished creatures: a large cat 4 leprechauns a Woodland-elf an elf zombie a ghoul a straw golem a floating eye a kitten a dwarf an iguana a rothe a jitterbug 6 orc zombies a werejackal 2 gas spores a hobbit 3 geckos 2 hobgoblins 5 giant rats a cave spider a brown mold a yellow mold a green mold 2 red molds 6 manes 4 jackals a fox a kobold 8 newts a goblin 4 sewer rats 6 grid bugs 5 lichens a kobold zombie 78 creatures vanquished. Voluntary challenges: You were vegetarian. You had followed a strict vegan diet until turn 2424. You did not adorn yourself with jewelry or accessories. You did not cause conflict. You were not invisible. You did not have reflection. You were not displaced. You were an atheist. You used a wielded weapon 122 times, starting on turn 29. You did not apply a unicorn horn. You did not use plumbed fixtures. You did not drink any magical draughts. You read items or engraved 6 times, starting on turn 1704. You never genocided any monsters. You never polymorphed an object. You never changed form. You used no wishes. You never split a pudding. You never wrote Elbereth's name. You violated your moral code, losing 5 points of alignment, starting on turn 1015. Dungeon overview: The Dungeons of Doom: levels 1 to 9 Level 1 an altar to Odin a long staircase Level 2 a fountain Level 3 Level 4 a fountain stairs to The Gnomish Mines Level 5 a fountain Level 6 some fountains Level 7 many fountains Level 8 <- You were here stairs to Sokoban Level 9 The Gnomish Mines: Level 5 stairs to The Dungeons of Doom Sokoban: Level 7 a magic chest stairs to The Dungeons of Doom History has recorded: On T:1 you entered the Dungeons of Doom to retrieve the Amulet of Yendor! On T:182 you reached level 2 of The Dungeons of Doom. On T:559 you advanced to experience level 2. On T:573 you reached level 3 of The Dungeons of Doom. On T:734 you advanced to experience level 3. On T:756 you reached level 4 of The Dungeons of Doom. On T:1015 you advanced to experience level 4. On T:1046 you reached level 1 of The Gnomish Mines. On T:1251 you reached level 5 of The Dungeons of Doom. On T:1624 you advanced to experience level 5. On T:1891 you reached level 6 of The Dungeons of Doom. On T:2358 you reached level 7 of The Dungeons of Doom. On T:2911 you advanced to experience level 6. On T:2999 you reached level 8 of The Dungeons of Doom. On T:3134 you reached level 9 of The Dungeons of Doom. On T:3174 you reached level 4 of Sokoban. Score breakdown: Gold: 0 ( 0 points) Experience: 6 levels ( 500 points) Exploration: 9 levels ( 240 points) Discoveries: 25 items ( 1250 points) Variety of kills: 34 monsters ( 1700 points) Major goal: (nothing yet) ( 0 points) Survival: died (score multiplied by 3) Total score: 11070 Latest messages: You see no objects here. You jab the Woodland-elf! The Woodland-elf wields an elven bow! The Woodland-elf wields an elven broadsword! The elven broadsword grows roots right in to the Woodland-elf's hand! The Woodland-elf wields an elven broadsword! The Woodland-elf wields an elven dagger! Please move the cursor to an unknown object. Never mind. You jab the Woodland-elf! The Woodland-elf swings his elven broadsword at you. The Woodland-elf hacks you! The Woodland-elf swings his elven broadsword at you. The Woodland-elf slashes you! The Woodland-elf thrusts her elven dagger at you. The Woodland-elf stabs you! This tastes like water. The Woodland-elf swings his elven broadsword at you. The Woodland-elf slashes you! You die... Final status: Farvel Semilg the Valkyrie, killed by a Woodland-elf... You died in The Dungeons of Doom on dungeon level 8 with 11070 points, and 0 pieces of gold, after 3340 moves. You were level 6 with a maximum of 61 hit points when you died.